Cogmind - Beta 9.3 @@@ ROGUE MODE // 2019.12.18 @ 21:37:04 // Winter2019/RPGLIKE Player: spruce (@macklemurr) Result: Destroyed by D-53 Grenadier with Mini Grenade Launcher Performance ------------- Evolutions (1) 500 Regions Visited (4) 800 Robots Destroyed (82) 410 Value Destroyed (1496) 1496 Prototype IDs (4) 80 Alien Tech Used (0) 0 Bonus (155) 155 TOTAL SCORE: 3441 Bonus ------- High Alert Combat Kills 128 Follower Combat Kills 95 Friendly Fire -68 Cogmind --------- Core Integrity 0/600 Matter 174/300 Energy 150/150 System Corruption 0% Temperature Cool (0) Movement Flying (37) Location -9/Mines Parts ------- > --- POWER (1) -------- Light Angular Momentum Engine > --- PROPULSION (2) --- VTOL Module VTOL Module > --- UTILITY (2) ------ Signal Interpreter > --- WEAPON (2) ------- Rocket Launcher > --- INVENTORY (2) ---- Terrain Scanner Improved Assault Rifle Peak State ------------ > --- POWER ------------ Light Angular Momentum Engine > --- PROPULSION ------- VTOL Module VTOL Module > --- UTILITY ---------- Experimental Sensor Array Signal Interpreter > --- WEAPON ----------- Improved Medium Laser Improved Assault Rifle > --- INVENTORY -------- Terrain Scanner Grenade Launcher [Rating: 22] Favorites ----------- Power Light Angular Momentum Engine Engine Light Angular Momentum Engine Power Core Light Nuclear Core Propulsion VTOL Module Flight Unit VTOL Module Utility Signal Interpreter Device Terrain Scanner Processor Signal Interpreter Weapon Assault Rifle Energy Gun Small Laser Ballistic Gun Assault Rifle Launcher Grenade Launcher Build | -11 -10 -10 -9 -9 ------- Run | Scr Mat Min Mat Min Slots Evolved 3 | 3 . . . . Power . | . . . . . Propulsion 1 | 1 . . . . Utility 1 | 1 . . . . Weapon 1 | 1 . . . . Parts Attached 20 | 3 3 5 8 1 Power 5 | 1 1 1 2 . Engine 4 | 1 . 1 2 . Core 1 | . 1 . . . Reactor . | . . . . . Propulsion 4 | . . 2 2 . Treads . | . . . . . Leg . | . . . . . Wheel . | . . . . . Hover . | . . . . . Flight 4 | . . 2 2 . Utility 3 | . 2 1 . . Device 2 | . 1 1 . . Storage . | . . . . . Processor 1 | . 1 . . . Hackware . | . . . . . Protection . | . . . . . Artifact . | . . . . . Weapon 8 | 2 . 1 4 1 Energy Gun 3 | 1 . . 2 . Energy Cannon . | . . . . . Ballistic Gun 2 | 1 . . 1 . Ballistic Cannon . | . . . . . Launcher 3 | . . 1 1 1 Special Weapon . | . . . . . Impact Weapon . | . . . . . Slashing Weapon . | . . . . . Piercing Weapon . | . . . . . Special Melee Weapon . | . . . . . Unidentified Prototypes 4 | . . 1 3 . Parts Lost 1 | . . . . 1 Power . | . . . . . Propulsion . | . . . . . Utility . | . . . . . Weapon 1 | . . . . 1 Highest Loss Streak 1 | . . . . 1 Average Slot Usage (%) 84 | . 60 97 97 83 Engine 9 | . 7 5 14 14 Core 4 | . 7 8 . . Flight 19 | . . 26 28 28 Device 11 | . 14 14 11 . Processor 10 | . 3 14 14 14 Energy Gun 10 | . 14 8 9 12 Ballistic Gun 13 | . 14 14 14 10 Launcher 3 | . . 5 4 3 Naked Turns . | . . . . . Heaviest Build 16 | 8 9 15 16 16 Greatest Support 20 | 13 13 18 20 20 Greatest Overweight (x) . | . . . . . Average Overweight (x) . | . . . . . Largest Inventory Capacity 2 | 2 2 2 2 2 Average Capacity 2 | 2 2 2 2 2 Most Carried 2 | . 1 2 2 2 Average Carried 1 | . . 1 1 2 Final Capacity 2 | 2 2 2 2 2 Final Carried 2 | . 1 2 2 2 Class Distribution -------------------- 68% | Mutant 31% | Scavenger-Mutant Dominant Class ---------------- Mutant | -10/Materials Scavenger-Mutant | -10/Mines Mutant | -9/Materials Mutant | -9/Mines Resources | -11 -10 -10 -9 -9 ----------- Run | Scr Mat Min Mat Min Matter Collected 1004 | 68 330 136 384 86 Remotely . | . . . . . Salvage Created 1573 | . 366 98 833 276 Parts 146 | . 30 14 76 26 Haulers Intercepted 3 | . 1 . 2 . Recyclers Shooed 4 | . 3 . . 1 Parts Field Recycled . | . . . . . Retrieved Matter . | . . . . . Parts Self-Destructed . | . . . . . Prevented . | . . . . . Kills | -11 -10 -10 -9 -9 ------- Run | Scr Mat Min Mat Min Combat Hostiles Destroyed 68 | . 8 9 25 26 Guns 38 | . 8 4 15 11 AOE 30 | . . 5 10 15 Classes Destroyed 10 | . 4 1 4 1 Worker 2 | . . . 2 . Builder 3 | . 1 . 1 1 Hauler 3 | . 1 . 2 . Operator 1 | . . . 1 . Watcher 5 | . 3 . 2 . Swarmer 23 | . . 6 10 7 Grunt 22 | . 8 3 8 3 Brawler 2 | . . . 2 . Sentry 5 | . . . 5 . Assembled 16 | . . . . 16 Best Kill Streak 17 | . 5 3 7 17 Combat Bots Only 16 | . 4 3 5 16 Max Kills in Single Turn 5 | . 1 3 2 5 Gunslinging . | . . . . . Exploded 5 | . . 3 2 5 Melee . | . . . . . Uniques/NPCs Destroyed . | . . . . . Combat | -11 -10 -10 -9 -9 -------- Run | Scr Mat Min Mat Min Damage Taken 2667 | . 729 194 892 852 Core 2218 | . 599 164 740 715 Absorbed by Shields . | . . . . . Redirected to Core 1482 | . 438 73 501 470 Core Remaining (%) 92 | 100 . 85 . . Volleys Fired 174 | . 46 17 75 36 Largest 2 | . 2 2 2 2 Hottest 79 | . 60 60 79 79 Shots Fired 293 | . 92 29 134 38 Gun 254 | . 92 23 113 26 Cannon . | . . . . . Launcher 39 | . . 6 21 12 Special . | . . . . . Kinetic 151 | . 46 12 70 23 Thermal 103 | . 46 11 43 3 Explosive 19 | . . 6 1 12 Electromagnetic 20 | . . . 20 . Robot Hit Streak 12 | . 12 10 12 9 Robot Miss Streak 3 | . 2 2 3 2 Penetration Max . | . . . . . Secondary Targets 8 | . 4 . 4 . Max Gunslinging Chain 1 | . 1 . 1 . Shots Hit Robots 191 | . 69 19 82 21 Core Hits 133 | . 26 13 51 43 Critical Hits 1 | . 1 . . . Critical Kills . | . . . . . Critical Parts Destroyed 1 | . 1 . . . Melee Attacks . | . . . . . Impact . | . . . . . Slashing . | . . . . . Piercing . | . . . . . Sneak Attacks . | . . . . . Combat Hostiles . | . . . . . Follow-up Attacks . | . . . . . Damage Inflicted 4789 | . 969 409 1838 1573 Guns 2361 | . 969 132 957 303 Cannons . | . . . . . Explosions 2428 | . . 277 881 1270 Melee . | . . . . . Ramming . | . . . . . Kinetic 1432 | . 495 48 604 285 Thermal 1048 | . 474 84 472 18 Explosive 1608 | . . 277 61 1270 Electromagnetic 701 | . . . 701 . Impact . | . . . . . Slashing . | . . . . . Piercing . | . . . . . Highest Corruption . | . . . . . Average Corruption . | . . . . . Corruption Purged . | . . . . . Overload Shots . | . . . . . Overflow Damage 28 | . . . . 28 Projectiles . | . . . . . Explosions 28 | . . . . 28 Melee . | . . . . . Knockbacks . | . . . . . Impact . | . . . . . Kinetic . | . . . . . Secondary . | . . . . . Self-Inflicted Damage 129 | . . 65 64 . Shots 13 | . . 5 8 . Rammed . | . . . . . Targets Rammed . | . . . . . Kicked . | . . . . . Crushed . | . . . . . Highest Temperature 401 | . 174 30 401 30 Average Temperature 84 | . 66 12 117 14 Received Heat Transfer 609 | . 414 18 171 6 Effects 5 | . . . 5 . Shutdowns 1 | . . . 1 . Energy Bleed 2 | . . . 2 . Interference 1 | . . . 1 . Short Circuit 1 | . . . 1 . Siege Activations . | . . . . . Robots Corrupted . | . . . . . Combat Hostiles . | . . . . . Parts Fried 4 | . . . 4 . Impact Corruptions . | . . . . . Robots Melted . | . . . . . Combat Hostiles . | . . . . . Parts Melted 4 | . . 2 2 . Heat Transferred 2233 | . 1050 200 946 37 Parts Sabotaged . | . . . . . Parts Stolen . | . . . . . Parts Stripped . | . . . . . Power Chain Reactions 3 | . . . 3 . Missiles Intercepted . | . . . . . Alert | -11 -10 -10 -9 -9 ------- Run | Scr Mat Min Mat Min Peak Influence 798 | . 223 290 798 490 Average Influence 240 | . 98 185 376 376 Maximum Alert Level 3 | . 1 1 3 2 Low Security (%) 48 | 100 89 37 38 . Level 1 31 | . 10 62 18 51 Level 2 17 | . . . 35 48 Level 3 2 | . . . 8 . Level 4 . | . . . . . Level 5 . | . . . . . High Security . | . . . . . Max Security . | . . . . . Squads Dispatched 4 | . 2 . 2 . Investigation 2 | . 2 . . . Extermination . | . . . . . Reinforcement 2 | . . . 2 . Assault . | . . . . . Garrison . | . . . . . Intercept . | . . . . . Construction Impeded . | . . . . . Haulers Reinforced . | . . . . . Stealth | -11 -10 -10 -9 -9 --------- Run | Scr Mat Min Mat Min Distress Signals 1 | . 1 . . . Communications Jammed . | . . . . . Distress Signals . | . . . . . Times Spotted 87 | . 13 12 33 29 Peak Tracking Total 20 | . 4 4 7 20 Tactical Retreats 3 | . . . 2 1 Traps | -11 -10 -10 -9 -9 ------- Run | Scr Mat Min Mat Min Traps Triggered 2 | . 1 . 1 . Indirectly . | . . . . . Trap Hack Attempts . | . . . . . Triggered . | . . . . . Disarmed . | . . . . . Reprogrammed . | . . . . . Reused . | . . . . . Traps Extracted . | . . . . . Installed . | . . . . . Triggered . | . . . . . Machines | -11 -10 -10 -9 -9 ---------- Run | Scr Mat Min Mat Min Machines Disabled 5 | . . . 5 . Max in Single Turn 2 | . . . 2 . Machines Sabotaged . | . . . . . Garrisons Compromised . | . . . . . Overloaded Fab Kills . | . . . . . Fab Network Shutdowns . | . . . . . Hacking | -11 -10 -10 -9 -9 --------- Run | Scr Mat Min Mat Min Machines Accessed 6 | . 4 . 2 . Terminals 5 | . 3 . 2 . Fabricators . | . . . . . Repair Stations . | . . . . . Recycling Units 1 | . 1 . . . Scanalyzers . | . . . . . Garrison Access . | . . . . . Total Hacks 16 | . 11 . 5 . Successful 11 | . 10 . 1 . Failed 5 | . 1 . 4 . Catastrophic 2 | . . . 2 . Database Lockouts . | . . . . . Manual 6 | . 4 . 2 . Terminals 15 | . 10 . 5 . Fabricators . | . . . . . Repair Stations . | . . . . . Recycling Units 1 | . 1 . . . Scanalyzers . | . . . . . Garrison Access . | . . . . . Terminal Hacks 9 | . 8 . 1 . Record 2 | . 2 . . . Robot Analysis 1 | . 1 . . . Branch Access Points 1 | . 1 . . . Alert Level 1 | . 1 . . . Unreport Threat 1 | . 1 . . . Locate Traps 1 | . 1 . . . Zone Layout 2 | . 1 . 1 . Fabricator Hacks . | . . . . . Repair Station Hacks . | . . . . . Recycling Unit Hacks . | . . . . . Scanalyzer . | . . . . . Garrison Access Hacks . | . . . . . Unauthorized Hacks 5 | . 5 . . . Terminals 1 | . 1 . . . Assimilate 1 | . 1 . . . Fabricators . | . . . . . Repair Stations . | . . . . . Recycling Units 1 | . 1 . . . Tunnel 1 | . 1 . . . Scanalyzers . | . . . . . Garrison Access . | . . . . . Data Cores Recovered . | . . . . . Used . | . . . . . Hacking Detections 3 | . 2 . 1 . Full Trace Events . | . . . . . Feedback Events . | . . . . . Feedback Blocked . | . . . . . Robot Schematics Acquired . | . . . . . Robots Built . | . . . . . Matter . | . . . . . Time . | . . . . . Total Robot Build Rating . | . . . . . Part Schematics Acquired . | . . . . . Parts Built . | . . . . . Matter . | . . . . . Time . | . . . . . Total Part Build Rating . | . . . . . Parts Repaired . | . . . . . Time . | . . . . . Parts Recycled . | . . . . . Recycled Matter . | . . . . . Retrieved Matter . | . . . . . Retrieved Components . | . . . . . Parts Scanalyzed . | . . . . . Part Schematics Acquired . | . . . . . Parts Damaged . | . . . . . Bothacking | -11 -10 -10 -9 -9 ------------ Run | Scr Mat Min Mat Min Used RIF Installer . | . . . . . Robots Hacked . | . . . . . Non-combat . | . . . . . Combat . | . . . . . Robot Hacks Applied . | . . . . . Relay Couplers Released . | . . . . . Robots Rewired . | . . . . . Allies Hacked . | . . . . . Hacks Repelled . | . . . . . Allies | -11 -10 -10 -9 -9 -------- Run | Scr Mat Min Mat Min Total Allies 3 | . 1 2 . . Largest Group 3 | . 1 3 . . Highest-Rated Group 53 | . 10 53 . . Highest-Rated Ally 31 | . 10 31 . . Total Orders . | . . . . . Ally Attacks 10 | . . 10 . . Total Damage 172 | . . 172 . . Kills 3 | . . 3 . . Allies Corrupted . | . . . . . Allies Melted . | . . . . . Intel | -11 -10 -10 -9 -9 ------- Run | Scr Mat Min Mat Min Robot Analysis Total 1 | . 1 . . . Derelict Logs Recovered 5 | . . 2 . 3 Drone Launches . | . . . . . Drone Recoveries . | . . . . . Exploration | -11 -10 -10 -9 -9 ------------- Run | Scr Mat Min Mat Min Turns Passed 1594 | 20 467 417 475 215 Spaces Moved 1905 | 30 559 543 477 296 Core 595 | 30 559 5 1 . Treads . | . . . . . Legs . | . . . . . Wheels . | . . . . . Hover . | . . . . . Flight 1310 | . . 538 476 296 Fastest Speed 37 | 50 50 37 37 37 Average Speed 41 | 50 50 37 37 37 Slowest Speed 50 | 50 50 50 50 37 Overloaded Moves . | . . . . . Propulsion Burnouts . | . . . . . Robots Hopped 9 | . . 4 3 2 Cave-ins Triggered . | . . . . . Exploration Rate (%) 53 | 3 68 96 46 56 Regions Visited 4 Branch Regions 2 Pre-discovered Areas 2 | . 1 1 . . Known Exits Taken 3 | . 1 1 1 . Unknown Exits Taken 1 | 1 . . . . Scrap Searched 3 | . . 1 . 2 Spaces Dug 11 | . . . . 11 Terrain Destroyed 128 | . . 31 11 86 Melee . | . . . . . Projectile . | . . . . . AOE 128 | . . 31 11 86 Actions | -11 -10 -10 -9 -9 --------- Run | Scr Mat Min Mat Min Total 2404 | 32 652 722 638 360 Wait 216 | . 16 151 33 16 Move 1883 | 29 558 534 470 292 Hop 9 | . . 4 3 2 Pick Up 3 | . 1 1 1 . Fast Attach 16 | 3 3 3 7 . Attach . | . . . . . Detach . | . . . . . Swap 4 | . . 2 1 1 Drop 11 | . 1 1 9 . Fire 174 | . 46 17 75 36 Melee . | . . . . . Ram . | . . . . . Kick . | . . . . . Crush . | . . . . . Escape Stasis . | . . . . . Rewire . | . . . . . Trap . | . . . . . Miscellaneous 88 | . 27 9 39 13 Route ------- -11/Scrapyard -10/Materials (discovered 4 exits: *Mat x3 / *Min) -10/Mines (discovered 2 exits: *Mat x2) -9/Materials (discovered 3 exits: Mat / *Min / [*Sto]) -9/Mines (discovered 2 exits: *Mat / [*Exi]) History --------- Turn | Location | Event 1 | -11/Scrapyard | Upgraded with Propulsion slot (x1) 1 | -11/Scrapyard | Upgraded with Utility slot (x1) 1 | -11/Scrapyard | Upgraded with Weapon slot (x1) 4 | -11/Scrapyard | Discovered new exit (range 16) 21 | -11/Scrapyard | Entered Materials 116 | -10/Materials | Discovered new exit (range 16) 241 | -10/Materials | Core integrity fell below 50% 261 | -10/Materials | Discovered new exit (range 16) 290 | -10/Materials | Identified exit to Mines 316 | -10/Materials | Build established: Mutant 416 | -10/Materials | Discovered new exit (range 9) 435 | -10/Materials | Identified exit to Materials 488 | -10/Materials | Entered Mines 488 | -10/Mines | Accompanied by 1 ally 490 | -10/Mines | Reached level 2 553 | -10/Mines | Learned location of 1 exit from Materials 619 | -10/Mines | Discovered exit to Materials (range 4) 688 | -10/Mines | Learned location of Zion (-6) 733 | -10/Mines | Reached level 3 739 | -10/Mines | Discovered exit to Materials (range 15) 804 | -10/Mines | Build established: Scavenger-Mutant 900 | -10/Mines | Found a damaged Exp. Sensor Array with a note attached 902 | -10/Mines | Found Prototype Device 903 | -10/Mines | Identified Exp. Sensor Array 905 | -10/Mines | Entered Materials 906 | -9/Materials | Identified exit to Materials 907 | -9/Materials | Reached level 4 1005 | -9/Materials | Discovered new exit (range 13) 1109 | -9/Materials | Discovered new exit (range 5) 1123 | -9/Materials | Reached level 5 1229 | -9/Materials | Reached level 6 1314 | -9/Materials | Identified exit to Mines 1330 | -9/Materials | Build established: Mutant 1380 | -9/Materials | Entered Mines 1382 | -9/Mines | Reached level 7 1423 | -9/Mines | Deemed a non-threat by the Exiles lab entrance 1423 | -9/Mines | Discovered new exit (range 5) 1463 | -9/Mines | Core integrity fell below 50% 1477 | -9/Mines | Learned location of 1 exit from Materials 1482 | -9/Mines | Learned Materials terminal intel 1527 | -9/Mines | Learned Materials stockpile data 1530 | -9/Mines | Discovered exit to Materials (range 4) 1536 | -9/Mines | Destroyed 10 combat bots 1544 | -9/Mines | Assembled infested the area 1549 | -9/Mines | Assisted by a Guerilla fighting off Assembled 1578 | -9/Mines | Core integrity fell below 20% 1588 | -9/Mines | Destroyed 16 combat bots 1595 | -9/Mines | Destroyed by D-53 Grenadier with Mini Grenade Launcher Last Messages --------------- 01574_ U-05 Engineer lays Concrete. 01575_ The unstable cave ceiling collapses. 01575_ U-05 Engineer destroyed. 01575_ Imp. Medium Laser destroyed. 01578_ The unstable cave ceiling collapses. 01578_ HV Slug penetrates D-53 Grenadier. 01578_ D-53 Grenadier suffers critical hit. 01578_ D-53 Grenadier knocked back. 01579_ The unstable cave ceiling collapses. 01580_ HV Slug penetrates Wall. 01580_ HV Slug penetrates Earth. 01582_ HV Slug penetrates D-53 Grenadier. 01582_ D-53 Grenadier knocked back. 01582_ HV Slug penetrates D-53 Grenadier. 01585_ HV Slug penetrates Earth. 01592_ T-07 Excavator destroyed. 01593_ HV Slug penetrates D-53 Grenadier. 01593_ D-53 Grenadier suffers critical hit. 01593_ Acquired 13 matter. 01595_ The unstable cave ceiling collapses. Map ----- +----------------------------------------------------+ | | | | | | | | | | | | | | | | | | | | | | | ?????????????#?????????????????????????????? | | ?????????###?# ????????????????????????????? | | ????????##" ## ###????????????????????????? | | ????????# ;#""##??????????????????????? | | ????????# ###????????????????????? | | ????????# ##???????????????????? | | ????????## ##??????????????????? | | ????????# d #??????????????????? | | ????????# ##??????????????????? | | ????????# #??????????????????? | | ???#????# # ! #??????????????????? | | ??## ??# # ## ## | #??????????????????? | | ??# ?### # #??????????????????? | | ??# # % ; ###??????????????????? | | ???# @ ##????????????????????? | | ???# #?????????????????????? | | ???# # # ## ??????????????????? | | ???# ## ### #????????????????? | | ???# # ?# ##### #????????????????? | | ???## !% #?###??????????????????????? | | ????# # ! #??????????????????????????? | | ????## ?# ##?????????????????????????? | | ?????##??# ##????????????????????????? | | ?????????# #????????????????????????? | | ?????????# #????????????????????????# | | ?????????## ##???????????????????????# | | ??????????# ###?????????????????????# | | ??????????# ##???????????????????## | | ??########?# #??????????????????## | | ??# #???## #?????????????????## | | ??# #????#"### ##????????????????## | | ??# #????#%#??###?????????????????# | | ??# < #????#"#####?????????????????## | | ??# #????# #?????????????????# | | ???## ####????##### #?????????????????# | | ????# #???????????# #?????????????????## ## | | ????# ############# #??????????????????##### | | ????# "%%=!% [ =*=#???????????????###?#### | | ????############### #??????????????? #?# | +----------------------------------------------------+ Best States ------------- Heat Dissipation 25 Energy Generation 18 Energy Capacity 250 Matter Stores 300 Matter Capacity 300 Sight Range 16 Robot Scan Range 30 Terrain Scan Range 14 Terrain Scan Density 10 Evasion (%) 62 Offensive Hacking 5 Defensive Hacking 5 Item Schematics ----------------- None Robot Schematics ------------------ None Fabricated ------------ Nothing Alien Tech Used ----------------- None Achievements -------------- None Challenges ------------ None RPGLIKE | -11 -10 -10 -9 -9 --------- Run | Scr Mat Min Mat Min Levels Raised 6 | . . 2 3 1 XP Earned 13206 | 3000 1325 2056 5160 1665 XP Spent 2950 | 2950 . . . . Upgrades 9 | 9 . . . . Propulsion Slot 1 | 1 . . . . Utility Slot 1 | 1 . . . . Weapon Slot 1 | 1 . . . . Mass Support 2 | 2 . . . . Inventory Capacity 2 | 2 . . . . Hack Attack % 1 | 1 . . . . Hack Defense % 1 | 1 . . . . Protomatter Created 827 | . 193 46 484 104 Integrity Restored 1777 | . 577 151 770 279 Core 1597 | . 571 102 645 279 Parts 180 | . 6 49 125 . Protomatter Decayed 280 | . . 82 195 3 Game ------ Seed CooledDynamicStorm Manual? 0 Play Time 00:20:39 Cumulative 90.6 hours Start 2019.12.18 @ 21:16:49 End 2019.12.18 @ 21:37:04 Sessions 1 Manual Loads 0 Difficulty Rogue Special Mode Winter2019/RPGLIKE Game No. 198 Rogue 198 Adventurer 0 Explorer 0 Win Type - Total 1 Types 1/0/0/0/0/0/0 Lore% 80 Gallery% 71 Achievement% 59 Wizard Run 0 Options --------- ASCII 0 Keyboard 0 Movement Numpad Keybinds 0 Fullscreen 1 Font 24/Smallcaps Map View 76x50 Tactical HUD 1 Map Filters NONE Filters NONE Steam 1 RUN: 6d1dd44a-b0f7-4058-9fc0-dc57f5409c4c